Unix NetHack Version 5.0.0-0 post-release - last build May  4 2026 22:22:43 (774f63e81ad911689b3a0859ea89b322d5daca8d,branch:main).

Game began 2026-05-04 03:44:00, ended 2026-05-05 01:49:29.

Gadzook, neutral male human Wizard

                                                                   ---
                                                                  --.---
                                                          ----   --....--
                                                          |..|   |......|
                                                     ------..|   |......--
                                   ------            |..--..--   --......|
                               -----%|..--           |......|     ----...|
                               -<...%*.).-           --.....----     |..--
                              .......%.....           --.......--    |..|
                             .....---.....             |........------.--
                             .....|   ...  1           ---..........|..|
                             ....--  -...     1          |............-|
                             ....-----....            ----...%.........|
                             ................-       --................|
                              ...-----.......---------........"--.--..--
                               .--   --.......Y@.[*)...).......|---|..|
                                      |.......------....---....|   ----
                                       --.-----    --..-- --..--
                                        ---         ----   ----
Gadzook the Thaumaturge   St:7 Dx:16 Co:17 In:17 Wi:12 Ch:7  Neutral
Dlvl:8  $:643 HP:0(58) Pw:87(87) AC:-3 Xp:9/3058 T:11647  Burdened

Latest messages:
 The gnome lord picks up 4 uncursed daggers.
 In what direction?
 You throw 2 daggers.
 The 1st dagger hits the gnome lord!
 The 2nd dagger hits the gnome lord.
 You kill the gnome lord!
 You see here an elf corpse.
 You have a little trouble lifting F - 2 uncursed daggers (at the ready) (18 in total).
 F - 4 uncursed daggers (at the ready) (22 in total).
 You see here a leash.
 You have a little trouble lifting H - a leash.
 You see here a green gem.
 You see here a pair of iron shoes.
 The owlbear just misses!
 The owlbear hits!
 You hit the owlbear!
 The owlbear misses!
 The owlbear hits!
 The owlbear just misses!
 The owlbear hits!
 The magic-absorbing blade stuns the owlbear!
 The owlbear hits!
 The owlbear misses!
 You hit the owlbear!
 The owlbear hits!
 The owlbear hits again!
 The owlbear grabs you!
 You drop 3 uncursed slime molds.
 3 uncursed slime molds hit the floor.
 You drop an uncursed carrot.
 An uncursed carrot hits the floor.
 You drop an uncursed food ration.
 An uncursed food ration hits the floor.
 You drop a tripe ration.
 A tripe ration hits the floor.
 The owlbear hits!
 The owlbear just misses!
 You are being crushed.
 The owlbear hits!
 The owlbear misses!
 You are being crushed.
 What do you want to read? [pqwC or ?*]
 As you read the scroll, it disappears.
 You shudder for a moment.
 The owlbear hits!
 The owlbear hits again!
 You are being crushed.
 You die...
 Do you want your possessions identified? [ynq] (y)
 Do you want to see your attributes? [ynq] (y)

Inventory:
 Coins    ('$')
  $ - 643 gold pieces
 Amulets  ('"')
  Q - an uncursed amulet of magical breathing (being worn)
  g - an uncursed amulet versus poison
 Weapons  (')')
  r - a blessed +0 dagger
  F - 22 +0 daggers (at the ready)
  a - a +0 elven dagger
  m - the rustproof +0 Magicbane (weapon in right hand)
 Armor    ('[')
  s - an uncursed +3 helm of telepathy (being worn)
  X - an uncursed +0 pair of iron shoes (being worn)
  B - an uncursed +0 cloak of displacement
  b - an uncursed +0 cloak of magic resistance (being worn)
  S - an uncursed +0 dwarvish mithril-coat (being worn)
 Scrolls  ('?')
  w - an uncursed scroll of identify
  p - a cursed scroll of identify
 Spellbooks  ('+')
  q - an uncursed spellbook of cure blindness
 Potions  ('!')
  z - an uncursed potion of enlightenment
  j - an uncursed potion of gain energy
  t - a cursed potion of sleeping
 Rings    ('=')
  e - an uncursed +1 ring of increase damage (on left hand)
  d - an uncursed ring of warning (on right hand)
 Wands    ('/')
  x - a wand of cold (0:3)
  c - a wand of digging (0:5)
  E - a wand of locking (0:5)
  k - a wand of magic missile (0:6)
  u - a wand of sleep (0:5)
  y - a wand of speed monster (0:7)
 Tools    ('(')
  H - an uncursed leash
  A - a blessed magic lamp (lit)
  K - a +0 pick-axe (alternate weapon; not wielded)
  D - an uncursed skeleton key
  i - an uncursed stethoscope
  f - an uncursed partly used tallow candle
  l - an uncursed towel
  h - a +0 unicorn horn

Gadzook the Wizard's attributes:

Background:
 You were a Thaumaturge, a level 9 male human Wizard.
 You were neutral, on a mission for Thoth
 who was opposed by Ptah (lawful) and Anhur (chaotic).
 You were right-handed.
 You were in the Gnomish Mines, on level 8.
 You entered the dungeon 11647 turns ago.
 It was nighttime.
 You had 3058 experience points, 2062 more were needed to attain level 10.

Basics:
 You had 0 out of 58 hit points.
 You had all 87 energy points (spell power).
 Your armor class was -3.
 Your wallet contained 643 zorkmids.
 Autopickup was on for '$?!/="+' plus thrown, with exceptions.

Final Characteristics:
 Your strength was 7 (peak:9, limit:18/100).
 Your dexterity was 16 (peak:18, limit:18).
 Your constitution was 17 (limit:18).
 Your intelligence was 17 (limit:18).
 Your wisdom was 12 (limit:18).
 Your charisma was 7 (limit:18).

Final Status:
 You were held by an owlbear (west).
 You weren't hungry.
 You were burdened; movement was slightly slowed.
 You were wielding a dagger.
 You had expert skill with dagger.

Final Attributes:
 You were piously aligned.
 You were magic-protected.
 You were cold resistant.
 You were telepathic.
 You were warned.
 You could survive without air.
 You had a small damage bonus (+1).
 You were guarded.
 Your spell casting was impaired by metallic armor.
 You are dead.

Miscellaneous:
 You didn't encounter any bones levels.
 Total elapsed playing time was 1 hour, 50 minutes and 10 seconds.

Major events:
 Turn
    1: Gadzook the neutral male human Wizard entered the dungeon
  831: attained the rank of Conjurer (level 3)
  927: entered the Gnomish Mines
 1702: attained the rank of Thaumaturge (level 6)
 4140: reached Mine Town
 7130: was bestowed with Magicbane by Thoth
11647: killed by an owlbear

Spells:
 Name                 Level Category     Fail Retention
 force bolt             1   attack        95%   41%-50%
 drain life             2   attack        95%   41%-50%
 cure blindness         2   healing       99%  76%-100%

Skills:
 Fighting Skills
   bare handed combat [Unskilled]
   riding             [Unskilled]
 Weapon Skills
   dagger             [Expert]
   knife              [Unskilled]
   axe                [Unskilled]
   short sword        [Unskilled]
   club               [Unskilled]
   mace               [Unskilled]
   quarterstaff       [Basic]
   polearms           [Unskilled]
   spear              [Unskilled]
   trident            [Unskilled]
   sling              [Unskilled]
   dart               [Unskilled]
   shuriken           [Unskilled]
 Spellcasting Skills
   attack spells      [Basic]
   healing spells     [Unskilled]
   divination spells  [Unskilled]
   enchantment spells [Basic]
   clerical spells    [Unskilled]
   escape spells      [Unskilled]
   matter spells      [Unskilled]

Voluntary challenges:
 Character rerolling was not enabled.
 You never genocided any monsters.
 You never polymorphed an object.
 You used no wishes.
Achievements:
 You entered a shop.
 You attained the rank of Conjurer.
 You entered the Gnomish Mines.
 You attained the rank of Thaumaturge.
 You entered Minetown.

 The Dungeons of Doom: levels 1 to 6
    Level 1:
    Level 2:
       A wand shop.
    Level 3:
       An armor shop, an altar to Thoth.
       Stairs down to The Gnomish Mines.
    Level 4:
       A general store, a fountain, a sink.
    Level 5:
    Level 6:
 The Gnomish Mines: levels 4 to 8
    Level 4:
    Level 5:
    Level 6:
       An altar, some fountains.
    Level 7:
    Level 8: <- You were here.
       Final resting place for
          you, killed by an owlbear.


Vanquished creatures:
  a small mimic
  a tengu
  3 orc-captains
  a giant spider
  a gold golem
  a lizard
  a dog
  a blue jelly
  a white unicorn
  a human zombie
  2 Woodland-elves
  a bugbear
  a wood nymph
  a water nymph
  a mountain nymph
  3 Mordor orcs
  8 Uruk-hai
  7 orc shamans
  4 rock piercers
  a rock mole
  2 ponies
  a fog cloud
  5 yellow lights
  a shrieker
  3 violet fungi
  8 gnome leaders
  4 gnomish wizards
  3 gray oozes
 an elf zombie
  4 giant ants
  6 floating eyes
  2 kittens
 11 dwarves
  3 homunculi
  a kobold shaman
 26 hill orcs
  9 rothes
  4 giant bats
  2 monkeys
  3 dwarf zombies
  a wererat
  a werejackal
 10 iguanas
  3 killer bees
  3 acid blobs
  4 coyotes
  5 hobbits
  8 manes
  2 large kobolds
  a hobgoblin
  2 orcs
  8 giant rats
  7 cave spiders
  a brown mold
  2 green molds
  a red mold
 34 gnomes
  3 garter snakes
  4 gnome zombies
  3 geckos
  3 jackals
  3 kobolds
  4 goblins
  2 sewer rats
 16 grid bugs
  2 bats
  9 lichens
  3 kobold zombies
  7 newts
292 creatures vanquished.

No species were genocided or became extinct.

Game over:
                       ----------
                      /          \
                     /    REST    \
                    /      IN      \
                   /     PEACE      \
                  /                  \
                  |     Gadzook      |
                  |      643 Au      |
                  |   killed by an   |
                  |     owlbear      |
                  |                  |
                  |                  |
                  |       2026       |
                 *|     *  *  *      | *
        _________)/\\_//(\/(/\)/\//\/|_)_______

Goodbye Gadzook the Wizard...

You died in The Gnomish Mines on dungeon level 8 with 13181 points,
and 643 pieces of gold, after 11647 moves.
You were level 9 with a maximum of 58 hit points when you died.

